 Dungeon Crawl Stone Soup version 0.25-a0-516-g7d600cd (webtiles) character file.

Game seed: 3127550291397493310, levelgen mode: deterministic

113 wolfsongas the Skirmisher (level 5, 0/44 HPs)
             Began as a Formicid Abyssal Knight on Feb 16, 2020.
             Was a Believer of Lugonu.
             Succumbed to an adder's poison
             ... on level 6 of the Dungeon.
             The game lasted 00:05:03 (2235 turns).

wolfsongas the Skirmisher (Formicid Abyssal Knight) Turns: 2235, Time: 00:05:04

Health: 0/44       AC:  9    Str: 18    XL:     5   Next: 17%
Magic:  6/7        EV:  7    Int: 11    God:    Lugonu [**....]
Gold:   83         SH:  0    Dex: 10    Spells: 4/4 levels left

rFire    . . .     SeeInvis +   i - +1 broad axe
rCold    . . .     Gourm    .   (no shield)
rNeg     . . .     Faith    .   d - +0 chain mail
rPois    .         Spirit   .   (helmet unavailable)
rElec    .         Reflect  .   (no cloak)
rCorr    .         Harm     .   (no gloves)
MR       .....                  (no boots)
Stlth    ..........             (no amulet)
HPRegen  0.14/turn              e - ring of flight
MPRegen  0.10/turn              (no ring)

@: lethally poisoned (0 -> -20)
A: permanent stasis, dig shafts and tunnels, four strong arms, antennae 3
a: Dig, Shaft Self, Depart the Abyss, Bend Space, Renounce Religion, Evoke
Flight


You were on level 6 of the Dungeon.
You worshipped Lugonu.
Lugonu was pleased with you.
You were hungry.

You visited 1 branch of the dungeon, and saw 4 of its levels.
You visited the Abyss 1 time.

You collected 83 gold pieces.

Inventory:

Hand Weapons
 i - a +1 broad axe (weapon)
Armour
 d - a +0 chain mail (worn)
Jewellery
 e - a ring of flight (left hand)
Scrolls
 b - a scroll of enchant armour
 h - 4 scrolls of amnesia
Potions
 m - a potion of cancellation
Comestibles
 c - 6 rations
 f - 6 chunks of flesh


   Skills:
 - Level 5.0 Fighting
 + Level 2.5 Axes
 + Level 2.9 Armour
 - Level 0.8 Dodging
 + Level 3.0 Invocations


You had 4 spell levels left.
You didn't know any spells.
Your spell library was empty.

Dungeon Overview and Level Annotations

Branches:
Dungeon (3/15)

Altars:
Nemelex Xobeh


Innate Abilities, Weirdness & Mutations

You cannot be hasted, slowed, berserked, paralysed or teleported.
You can dig through walls and to a lower floor.
Your four strong arms can wield two-handed weapons with a shield.
You have a pair of large antennae on your head. (SInv)


Message History

You begin to dig a shaft.
You continue digging a shaft.
* * * LOW HITPOINT WARNING * * *
You feel sick. The water moccasin bites you.
* * * LOW HITPOINT WARNING * * *
The adder bites you.
* * * LOW HITPOINT WARNING * * *
You are more poisoned.
The adder poisons you!
The water moccasin bites you but does no damage.
The adder bites you.
* * * LOW HITPOINT WARNING * * *
A shaft appears beneath you!
You fall into a shaft and drop 3 floors!
The shaft crumbles and collapses.
An ice beast and an orc come into view.
* * * LOW HITPOINT WARNING * * *
You feel sick.
Found a ration.
Space bends around you!
You blink.
You die...

############
#..........#
#.o........##
###...........#
..............#
#...........#
#....@.....$#
#...........#
#..........##
#..ยง.......#
#....########
........#
##....###
#.Y..# .....


You could see an ice beast and an orc.

Vanquished Creatures
  3 gnolls (D:2)
  2 adders
  An ooze (D:2)
  A worm (D:2)
  4 dart slugs
  2 leopard geckos (D:1)
  4 giant cockroaches
  5 hobgoblins
  3 jackals (D:2)
  5 kobolds
  6 bats
  2 frilled lizards
  5 goblins
  4 rats
47 creatures vanquished.

Notes
Turn   | Place    | Note
-------+----------+-------------------------------------------
     0 | Abyss:1  | wolfsongas the Formicid Abyssal Knight began the quest for
                  | the Orb.
     0 | Abyss:1  | Reached XP level 1. HP: 18/18 MP: 2/2
    10 | D:1      | Escaped the Abyss
   331 | D:1      | Reached XP level 2. HP: 22/25 MP: 3/3
   462 | D:1      | Reached skill level 4 in Fighting
  1015 | D:1      | Reached XP level 3. HP: 31/31 MP: 4/4
  1545 | D:2      | Found a sparkling altar of Nemelex Xobeh.
  1609 | D:2      | Reached skill level 5 in Fighting
  1642 | D:2      | Reached XP level 4. HP: 34/39 MP: 5/5
  1782 | D:2      | Reached ** piety under Lugonu
  2084 | D:2      | Reached XP level 5. HP: 44/44 MP: 7/7
  2223 | D:3      | Noticed a water moccasin
  2234 | D:3      | You fall into a shaft and drop 3 floors!
  2234 | D:6      | Noticed an ice beast
  2235 | D:6      | Succumbed to an adder's poison

Levels and vault maps discovered:
D:1:      lightli_iron_boxes, layout_loops_corners
D:2:      layout_loops_cross, lemuel_crystal_altar, minivault_25,
          corexii_item_surrounded_by_moat
D:3:      minmay_chambers_of_twos, layout_basic, nicolae_underground_beach
D:6:      layout_rooms

Skill      XL: |  1  2  3  4  5 |
---------------+----------------+-----
Fighting       | 4 5 |  5.0
Invocations    | 3 |  3.0
Axes           | |  2.5
Armour         | |  2.9
Dodging        | |  0.8

Action                   |  1- 3 |  4- 6 || total
-------------------------+-------+-------++-------
Melee: Hand axe          |    76 |    50 ||   126
       Broad axe         |       |    12 ||    12
Invok: Bend Space        |       |     1 ||     1
 Abil: Shaft Self        |       |     1 ||     1
  Use: Scroll            |     6 |     3 ||     9
       Potion            |       |     2 ||     2
  Eat: Chunk             |     2 |     2 ||     4
Armor: Leather armour    |    18 |       ||    18
       Scale mail        |     7 |    22 ||    29
       Chain mail        |       |    17 ||    17
Dodge: Dodged            |    36 |    35 ||    71

Table legend:
 A = Non-vault XP
 B = Vault XP
 C = Vault XP percentage of total XP
 D = Non-vault monster count
 E = Vault monster count
 F = Vault count percentage of total count
                 A         B        C        D         E       F
            +---------+---------+-------+---------+---------+-------
      Total |     162 |       0 |   0.0 |      47 |       0 |   0.0
            +---------+---------+-------+---------+---------+-------
        D:1 |      34 |       0 |   0.0 |      17 |       0 |   0.0
        D:2 |     108 |       0 |   0.0 |      25 |       0 |   0.0
        D:3 |      20 |       0 |   0.0 |       5 |       0 |   0.0
            +---------+---------+-------+---------+---------+-------
